Map: At Eternity's Edge LE

Players

SourCookies

  • Race: Terran Terran
  • League: Master

A.I. 2 (Very Easy) - Winner!

  • Race: Terran Terran

VOD

Have the link to the VOD?

Description

Time

  • Played on: Oct. 18, 2026, 1 p.m.
  • Length: 8:33
Show
View Real Time Build Order
Export as new Build Order

SourCookies Terran 

Build Orders:  

Get SALT Encoding   

  12  0:00  SCV  
  13  0:12  SCV  
  14  0:16  Supply Depot  
  14  0:24  SCV  
  15  0:38  SCV  
  15  0:39  Barracks  
  16  0:43  Refinery  
  16  0:50  SCV  
  16  0:55  Refinery  
  17  1:02  SCV  
  18  1:14  SCV  
  19  1:25  Reaper  
  19  1:26  Orbital Command  
  20  1:41  Factory  
  20  1:52  SCV  
  21  1:56  Supply Depot  
  21  1:57  Reaper  
  22  2:04  SCV  
  23  2:17  SCV  
  24  2:24  Command Center  
  24  2:28  Hellion  
  26  2:32  SCV  
  26  2:34  Starport  
  27  2:40  Supply Depot  
  27  2:41  Reaper  
  28  2:44  SCV  
  29  2:51  Hellion  
  31  3:01  SCV  
  31  3:04  Supply Depot  
  32  3:11  Starport Tech Lab  
  32  3:14  SCV  
  32  3:17  Factory Tech Lab  
  32  3:18  Barracks Reactor  
  33  3:26  SCV  
  34  3:37  Orbital Command  
  34  3:38  SCV, Refinery  
  34  3:40  Cyclone  
  38  3:42  Interference Matrix  
  38  3:50  SCV  
  39  4:01  Marine x2  
  39  4:02  Raven  
  41  4:03  SCV x2  
  41  4:15  SCV x2  
  43  4:18  Supply Depot  
  43  4:19  Marine x2  
  43  4:22  Siege Tank  
  48  4:27  SCV x2  
  50  4:33  Command Center  
  50  4:39  SCV x2  
  50  4:40  Raven  
  50  4:41  Marine  
  50  4:42  Marine  
  56  4:51  SCV  
  57  4:54  SCV, Siege Tank  
  57  4:59  Engineering Bay  
  61  5:02  Engineering Bay  
  61  5:03  SCV  
  61  5:06  SCV  
  60  5:08  Refinery  
  60  5:15  SCV  
  60  5:18  Barracks, SCV  
  60  5:20  Barracks  
  62  5:24  Raven  
  62  5:26  Siege Tank  
  62  5:28  SCV  
  68  5:31  Supply Depot  
  68  5:35  Marine x2  
  68  5:39  Supply Depot  
  68  5:42  Supply Depot  
  70  5:45  SCV x2  
  70  5:47  Terran Infantry Weapons Level 1  
  70  5:49  Terran Infantry Armor Level 1  
  72  5:54  Orbital Command  
  72  5:55  Marine  
  73  6:12  SCV x2  
  73  6:13  Orbital Command, Barracks Reactor x2  
  73  6:17  Siege Tank  
  78  6:24  SCV x2  
  80  6:36  SCV x2  
  82  6:40  SCV, Marine  
  82  6:41  Stimpack  
  82  6:43  Medivac x2  
  88  6:48  SCV  
  88  6:50  Marine x4  
  93  6:54  Barracks  
  93  6:55  Siege Tank, Barracks  
  93  6:58  Marine  
  97  7:07  Marine x2  
  83  7:08  Marine x2  
  78  7:15  Medivac  
  78  7:16  Marine, SCV x2  
  78  7:17  SCV  
  78  7:21  Armory  
  78  7:22  Supply Depot  
  84  7:25  Marine x2  
  84  7:27  Marine x2, Siege Tank  
  84  7:28  SCV  
  84  7:29  SCV  
  93  7:33  Marine  
  94  7:38  SCV  
  94  7:40  SCV  
  94  7:41  SCV  
  94  7:43  Marine x2  
  99  7:45  Marine x2  
  103  7:51  Marine  
  103  7:52  Barracks Reactor  
  103  7:54  Barracks Reactor  
  102  7:58  Medivac  
  102  7:59  Siege Tank  
  102  8:01  Marine x2  
  102  8:05  Marine x2  
  111  8:09  Marine  
  112  8:12  Command Center  
  112  8:18  SCV x3  
  117  8:21  Refinery  
  117  8:22  Refinery  
  117  8:23  Supply Depot x2  
  117  8:24  Supply Depot  
Show
View Real Time Build Order
Export as new Build Order

A.I. 2 (Very Easy) Terran - Winner!

Build Orders: Reaper Expand 

Get SALT Encoding   

  12  0:00  SCV  
  13  0:13  SCV  
  14  0:18  Supply Depot  
  14  0:41  Barracks  
  14  1:02  Command Center  
  14  1:28  Marine  
  14  1:31  Supply Depot, Orbital Command  
  15  1:37  Refinery  
  15  1:50  Refinery  
  15  1:56  SCV  
  16  2:08  SCV  
  16  2:14  SCV  
  18  2:16  Reaper  
  18  2:21  SCV  
  20  2:29  SCV  
  21  2:36  SCV  
  22  2:40  Refinery  
  22  2:43  SCV  
  23  2:50  SCV  
  24  2:57  SCV  
  25  3:03  Marine  
  25  3:04  SCV  
  27  3:11  SCV  
  27  3:12  Factory  
  28  3:37  Refinery, SCV  
  26  3:44  SCV  
  27  3:49  Marine  
  27  3:51  SCV  
  28  4:00  Starport  
  22  4:05  SCV  
  18  4:12  SCV  
  17  4:18  Hellion  
  17  4:19  SCV  
  20  4:26  SCV  
  20  4:33  SCV  
  20  4:38  Starport Tech Lab  
  20  4:41  SCV  
  21  4:47  Hellion  
  21  4:48  SCV  
  24  4:55  SCV  
  25  5:02  SCV  
  26  5:09  SCV  
  27  5:15  Viking  
  27  5:16  SCV  
  30  5:23  SCV  
  31  5:31  SCV  
  32  5:38  SCV  
  33  5:45  SCV  
  33  5:47  Supply Depot  
  34  5:52  SCV  
  35  5:59  Raven, SCV  
  35  6:01  Marine  
  39  6:09  SCV  
  40  6:13  Supply Depot  
  40  6:16  SCV  
  41  6:23  SCV  
  41  6:30  SCV  
  42  6:33  Raven  
  42  6:37  SCV  
  45  6:44  SCV  
  45  6:47  Marine  
  46  6:52  SCV  
  48  6:59  SCV  
  49  7:04  Supply Depot  
  49  7:05  Barracks Tech Lab  
  49  7:06  SCV  
  50  7:13  SCV  
  51  7:20  SCV  
  52  7:28  SCV  
  53  7:32  Marine  
Tags
 
Add a new tag
Caveats
  • Supply blocks, unpowered buildings, or Contaminate may cause inaccurate times.
  • Supply counts are checked every 10 seconds.